Griffins vs Icehogs

Created - June 19, 2022 at 19:39

Goals
1 2 3 OT1 SO T
Griffins 1 2 1 0 2 5
Icehogs 0 2 2 0 0 4
Shots
1 2 3 OT1 SO T
Griffins 11 16 9 2 2 38
Icehogs 16 9 2 1 2 28

1st period

1. Griffins , Patrick Wiercioch 4 (Filip Hronek 6, Ryan Pulock 18) at 13:35

Penalties :
Martin Frk (Gra) for Hooking (Minor) at 19:51

2nd period

2. Icehogs , Frederik Gauthier 35 (Craig Cunningham 37) at 0:04 (PP)
3. Griffins , Troy Terry 4 (Greg McKegg 8, Filip Hronek 7) at 7:32
4. Icehogs , Craig Cunningham 32 (Frederik Gauthier 47) at 7:36
5. Griffins , Dmitri Orlov 11 (Danny Kristo 41, Lucas Lessio 46) at 13:13 (PP)

Penalties :
Tanner Richard (Roc) for Cross-checking (Minor) at 13:02, Julius Honka (Roc) for Kneeing (Minor) at 15:27

3rd period

6. Icehogs , Frederik Gauthier 36 (Craig Cunningham 38) at 10:18
7. Griffins , Lucas Lessio 38 (Adam Gaudette 47, Mathew Barzal 38) at 10:30
8. Icehogs , Kevin Fiala 13 (Petter Granberg 40, Ben Harpur 34) at 16:18

Penalties :
Patrick Wiercioch (Gra) for Roughing (Minor) at 4:06, Petter Granberg (Roc) for Hooking (Minor) at 10:52, Dillon Dube (Roc) for Tripping (Minor) at 17:48

Overtime #1

No Goal

Penalties :
No Penalty

Shootout

Griffins, Danny Kristo - Goal!
Icehogs, Frederik Gauthier - Stopped by Marcus Hogberg
Griffins, Adam Gaudette - Goal!
Icehogs, Mike Amadio - Shot Misses the Net

Penalties :
No Penalty

Goalie Stats

Marcus Hogberg (Gra), 24 saves from 28 shots - (0.857), W, 9-3-2, 65:00 minutes
Joe Cannata (Roc), 34 saves from 38 shots - (0.895), OTL, 33-22-4, 65:00 minutes

Players Stats for Griffins

Player Name              G  A  P  +/- PIM S  H  SB GA TA FO     MP     PP MP  PK MP  
------------------------------------------------------------------------------------
Adam Gaudette            0  1  1   1  0   3  4  0  0  0  0/0    18:40   2:42   0:00 
Brendan Woods            0  0  0  -2  0   1  0  0  1  0  10/24  15:51   0:00   1:12 
Danny Kristo             0  1  1  -3  0   1  0  2  0  0  2/5    21:47   3:26   0:12 
Dmitri Orlov             1  0  1   0  0   2  3  1  1  0  0/0    28:52   3:55   1:28 
Filip Hronek             0  2  2   0  0   1  2  2  0  1  0/0    16:29   0:00   0:33 
Garrett Wilson           0  0  0   1  0   1  0  0  0  0  0/0     8:33   0:00   0:00 
Greg McKegg              0  1  1   1  0   2  1  0  0  1  1/5     9:23   0:00   0:28 
Ian McCoshen             0  0  0   0  0   2  1  1  0  1  0/0    16:10   0:00   0:11 
Jesse Joensuu            0  0  0  -3  0   4  2  0  3  0  3/4    19:42   2:42   1:12 
Lucas Lessio             1  1  2   1  0   6  0  1  0  2  0/0    23:30   3:26   0:42 
Martin Frk               0  0  0   1  2   1  1  0  0  1  0/0    13:44   2:42   0:00 
Mathew Barzal            0  1  1   1  0   4  3  0  0  0  6/16   22:47   3:26   0:00 
Patrick Wiercioch        1  0  1   0  2   1  0  1  0  1  0/0    17:06   0:00   0:00 
Phil Oreskovic           0  0  0   0  0   0  3  1  0  3  0/0    20:17   2:13   0:52 
Ryan Pulock              0  1  1   0  0   1  4  3  0  1  0/0    28:28   3:55   1:20 
Sonny Milano             0  0  0   0  0   5  0  0  0  0  0/0    15:09   2:13   0:06 
Troy Terry               1  0  1   1  0   3  0  0  0  0  0/1     9:55   0:00   0:00 
Vladislav Namestnikov    0  0  0   1  0   0  0  0  1  0  3/7    11:23   0:00   0:32 

Players Stats for Icehogs

Player Name              G  A  P  +/- PIM S  H  SB GA TA FO     MP     PP MP  PK MP  
------------------------------------------------------------------------------------
Andrew Mangiapane        0  0  0   0  0   1  2  0  1  0  1/2    19:16   0:57   2:20 
Ben Harpur               0  1  1   1  0   1  1  5  2  1  0/0    28:34   1:27   3:50 
Craig Cunningham         1  2  3   0  0   4  2  1  2  0  1/2    22:13   1:12   3:03 
Curtis Lazar             0  0  0   0  0   3  0  1  1  0  1/2    16:10   0:57   0:00 
Dillon Dube              0  0  0  -1  2   0  0  0  0  0  2/3     8:28   0:00   0:00 
Frederik Gauthier        2  1  3   0  0   3  3  0  0  0  19/34  22:30   1:15   3:09 
Julius Honka             0  0  0   0  2   0  1  0  0  2  0/0    17:13   0:00   0:25 
Kevin Fiala              1  0  1   1  0   2  1  1  0  0  0/0    10:42   0:00   0:00 
Mattias Janmark          0  0  0  -1  0   2  1  0  0  0  0/0    12:01   0:00   0:26 
Michael Chaput           0  0  0   0  0   4  4  0  1  1  9/14   20:23   0:57   2:01 
Mike Amadio              0  0  0   0  0   0  1  0  1  1  0/1    17:17   1:15   0:00 
Mike Reilly              0  0  0  -1  0   1  2  0  1  0  0/0    22:13   0:45   2:36 
Mikhail Grigorenko       0  0  0   1  0   1  0  0  0  0  1/1    10:42   0:00   0:00 
Nick Mattson             0  0  0  -1  0   1  1  2  1  0  0/0    22:03   0:45   2:18 
Nikita Scherbak          0  0  0  -1  0   1  2  1  0  0  1/1     8:28   0:00   0:00 
Patrick Sieloff          0  0  0   0  0   1  1  2  0  0  0/0    14:55   0:00   0:32 
Petter Granberg          0  1  1   1  2   1  3  0  0  1  0/0    27:26   1:27   2:35 
Tanner Richard           0  0  0   1  2   2  3  0  1  0  2/2    13:14   0:03   1:17 

3 Stars

1 - Frederik Gauthier (Roc)
2 - Craig Cunningham (Roc)
3 - Lucas Lessio (Gra)

Power Play

Griffins - 1 on 4 Attempt(s) - 25.00%
Icehogs - 1 on 2 Attempt(s) - 50.00%

Penalty Kill

Griffins - 1 on 2 Attempt(s) - 50.00% - Score 0 goal in Penalty Kill
Icehogs - 3 on 4 Attempt(s) - 75.00% - Score 0 goal in Penalty Kill

Team Stat

Griffins - Hits : 24 - Faceoff Wins : 25 - Blocked Shots : 12 - Penalty Minutes : 4
Icehogs - Hits : 28 - Faceoff Wins : 37 - Blocked Shots : 13 - Penalty Minutes : 8

Official

Referees : Jon McIsaac and Brian Pochmara
Linesman : Kyle Flemington and Bryan Pancich

Game Notes

No Game Note

Finance

Level 1 -- Attendance: 1757 (87.85%) -- Ticket Income $61,495
Level 2 -- Attendance: 936 (93.60%) -- Ticket Income $14,040
Total Attendance: 2693 (89.77%)
Total Ticket Income: $75,535
Other Income: $3,777
Total Income: $79,312

Griffins

5 vs 5 Forward 
   Center                   Left Wing                Right Wing               Time % Phy DF OF 
 1 Brendan Woods            Jesse Joensuu            Danny Kristo             35     1   2  2  
 2 Mathew Barzal            Lucas Lessio             Adam Gaudette            35     1   2  2  
 3 Vladislav Namestnikov    Sonny Milano             Martin Frk               20     1   2  2  
 4 Greg McKegg              Garrett Wilson           Troy Terry               10     1   2  2  

5 vs 5 Defense 
   Defense                  Defense                                           Time % Phy DF OF 
 1 Dmitri Orlov             Ryan Pulock                                       40     1   2  2  
 2 Phil Oreskovic           Patrick Wiercioch                                 30     1   2  2  
 3 Ian McCoshen             Filip Hronek                                      20     1   2  2  
 4 Ian McCoshen             Filip Hronek                                      10     1   2  2  

PowerPlay Forward 
   Center                   Left Wing                Right Wing               Time % Phy DF OF 
 1 Mathew Barzal            Lucas Lessio             Danny Kristo             60     1   2  2  
 2 Martin Frk               Jesse Joensuu            Adam Gaudette            40     1   2  2  

PowerPlay Defense
   Defense                  Defense                                           Time % Phy DF OF 
 1 Dmitri Orlov             Ryan Pulock                                       60     1   2  2  
 2 Phil Oreskovic           Sonny Milano                                      40     1   2  2  

Penalty Kill 4 Players Forward 
   Center                   Wing                     Time % Phy DF OF 
 1 Jesse Joensuu            Brendan Woods            60     1   2  2  
 2 Vladislav Namestnikov    Danny Kristo             40     1   2  2  

Penalty Kill 4 Players Defense
   Defense                  Defense                  Time % Phy DF OF 
 1 Dmitri Orlov             Ryan Pulock              60     1   2  2  
 2 Phil Oreskovic           Patrick Wiercioch        40     1   2  2  

Penalty Kill - 3 Players Forward 
   Forward                                           Time % Phy DF OF 
 1 Brendan Woods                                     60     1   2  2  
 2 Jesse Joensuu                                     40     1   2  2  

Penalty Kill - 3 Players Defense
   Defense                  Defense                  Time % Phy DF OF 
 1 Dmitri Orlov             Ryan Pulock              60     1   2  2  
 2 Phil Oreskovic           Patrick Wiercioch        40     1   2  2  

4 vs 4 Forward 
   Center                   Wing                     Time % Phy DF OF 
 1 Danny Kristo             Jesse Joensuu            60     1   2  2  
 2 Mathew Barzal            Lucas Lessio             40     1   2  2  

4 vs 4 Defense
   Defense                  Defense                  Time % Phy DF OF 
 1 Dmitri Orlov             Ryan Pulock              60     1   2  2  
 2 Phil Oreskovic           Patrick Wiercioch        40     1   2  2  

Last Minutes Offensive
   Center                   Left Wing                Right Wing               Defense                  Defense                  
   Mathew Barzal            Lucas Lessio             Danny Kristo             Dmitri Orlov             Ryan Pulock              

Last Minutes Defensive
   Center                   Left Wing                Right Wing               Defense                  Defense                  
   Jesse Joensuu            Brendan Woods            Danny Kristo             Phil Oreskovic           Patrick Wiercioch        

Goaltenders
Starting : Marcus Hogberg           
Backup : Olivier Roy              

Extra Forwards
Normal : Jesse Joensuu, Troy Terry, Sonny Milano - PP : Troy Terry, Vladislav Namestnikov - PK : Vladislav Namestnikov
Extra Defensemen
Normal : Ian McCoshen, Filip Hronek, Ryan Pulock - PP : Ian McCoshen - PK : Filip Hronek, Ryan Pulock
Penalty Shots
Danny Kristo, Adam Gaudette, Jesse Joensuu, Brendan Woods, Lucas Lessio

Scratches
Jack Ramsey (Healthy), Jordan Weal (Healthy), Konrad Abeltshauser (Healthy), Marcus Pettersson (Bruised Right Arm Injury), Michael Bunting (Healthy)
Nikita Pavlychev (Healthy), Riley Armstrong (Broken Bone (Left Ankle) Injury), Ryan Mantha (Healthy), Tanner Kero (Healthy), Tomas Hyka (Healthy)
Ryan Lindgren (Healthy), Philippe Desrosiers (Healthy), Adam Werner (Healthy)

Icehogs

5 vs 5 Forward 
   Center                   Left Wing                Right Wing               Time % Phy DF OF 
 1 Frederik Gauthier        Craig Cunningham         Mike Amadio              40     1   2  2  
 2 Michael Chaput           Andrew Mangiapane        Curtis Lazar             30     1   2  2  
 3 Tanner Richard           Mikhail Grigorenko       Kevin Fiala              20     1   2  2  
 4 Dillon Dube              Mattias Janmark          Nikita Scherbak          10     1   2  2  

5 vs 5 Defense 
   Defense                  Defense                                           Time % Phy DF OF 
 1 Petter Granberg          Ben Harpur                                        40     1   2  2  
 2 Nick Mattson             Mike Reilly                                       30     1   2  2  
 3 Patrick Sieloff          Julius Honka                                      20     1   2  2  
 4 Petter Granberg          Ben Harpur                                        10     1   2  2  

PowerPlay Forward 
   Center                   Left Wing                Right Wing               Time % Phy DF OF 
 1 Frederik Gauthier        Craig Cunningham         Mike Amadio              60     1   2  2  
 2 Michael Chaput           Andrew Mangiapane        Curtis Lazar             40     1   2  2  

PowerPlay Defense
   Defense                  Defense                                           Time % Phy DF OF 
 1 Petter Granberg          Ben Harpur                                        60     1   2  2  
 2 Nick Mattson             Mike Reilly                                       40     1   2  2  

Penalty Kill 4 Players Forward 
   Center                   Wing                     Time % Phy DF OF 
 1 Frederik Gauthier        Craig Cunningham         60     1   2  2  
 2 Michael Chaput           Andrew Mangiapane        40     1   2  2  

Penalty Kill 4 Players Defense
   Defense                  Defense                  Time % Phy DF OF 
 1 Petter Granberg          Ben Harpur               60     1   2  2  
 2 Nick Mattson             Mike Reilly              40     1   2  2  

Penalty Kill - 3 Players Forward 
   Forward                                           Time % Phy DF OF 
 1 Frederik Gauthier                                 60     1   2  2  
 2 Michael Chaput                                    40     1   2  2  

Penalty Kill - 3 Players Defense
   Defense                  Defense                  Time % Phy DF OF 
 1 Petter Granberg          Ben Harpur               60     1   2  2  
 2 Nick Mattson             Mike Reilly              40     1   2  2  

4 vs 4 Forward 
   Center                   Wing                     Time % Phy DF OF 
 1 Frederik Gauthier        Craig Cunningham         60     1   2  2  
 2 Michael Chaput           Andrew Mangiapane        40     1   2  2  

4 vs 4 Defense
   Defense                  Defense                  Time % Phy DF OF 
 1 Petter Granberg          Ben Harpur               60     1   2  2  
 2 Nick Mattson             Mike Reilly              40     1   2  2  

Last Minutes Offensive
   Center                   Left Wing                Right Wing               Defense                  Defense                  
   Frederik Gauthier        Craig Cunningham         Mike Amadio              Petter Granberg          Ben Harpur               

Last Minutes Defensive
   Center                   Left Wing                Right Wing               Defense                  Defense                  
   Frederik Gauthier        Craig Cunningham         Mike Amadio              Petter Granberg          Ben Harpur               

Goaltenders
Starting : Joe Cannata              
Backup : Mackenzie Blackwood      

Extra Forwards
Normal : Tanner Richard, Andrew Mangiapane, Curtis Lazar - PP : Tanner Richard, Andrew Mangiapane - PK : Tanner Richard
Extra Defensemen
Normal : Mike Reilly, Patrick Sieloff, Julius Honka - PP : Mike Reilly - PK : Mike Reilly, Patrick Sieloff
Penalty Shots
Frederik Gauthier, Mike Amadio, Craig Cunningham, Michael Chaput, Tanner Richard

Scratches
Calle Andersson (Healthy), Clark Bishop (Healthy), Duncan Siemens (Healthy), JJ. Piccinich (Healthy), Kurtis Gabriel (Healthy)
Myles Bell (Healthy), Nick Paul (Healthy), Patrick Russell (Healthy), Ross Johnston (Healthy), Zach Whitecloud (Healthy)
Jeremy Davies (Healthy), Jackson Cates (Healthy), Michael Giugovaz (Healthy), Jack LaFontaine (Healthy)

% Time on Ice - Griffins

Lines # - Real PCT - Wanted PCT - Time Play
Normal Forward
1 - 31% - 35% - 15:46
2 - 32% - 35% - 16:44
3 - 21% - 20% - 10:51
4 - 16% - 10% - 8:19
Normal Defense
1 - 39% - 40% - 20:22
2 - 30% - 30% - 15:33
3 - 20% - 20% - 10:35
4 - 10% - 10% - 5:10
PP Forward
1 - 56% - 60% - 3:26
2 - 44% - 40% - 2:42
PP Defense
1 - 64% - 60% - 3:55
2 - 36% - 40% - 2:13
PK Forward
1 - 91% - 60% - 2:00
2 - 9% - 40% - 0:12
PK Defense
1 - 52% - 60% - 1:09
2 - 48% - 40% - 1:03
PK3 Forward
1 - 0% - 60%
2 - 0% - 40%
PK3 Defense
1 - 0% - 60%
2 - 0% - 40%
44 Forward
1 - 76% - 60% - 3:48
2 - 24% - 40% - 1:12
44 Defense
1 - 60% - 60% - 2:59
2 - 40% - 40% - 2:01
Last Minute Offensive  - 0:00
Last Minute Defensive  - 0:00
Total
Forward - 65:00
Defense - 65:00

% Time on Ice - Icehogs

Lines # - Real PCT - Wanted PCT - Time Play
Normal Forward
1 - 36% - 40% - 18:29
2 - 27% - 30% - 14:01
3 - 21% - 20% - 10:42
4 - 16% - 10% - 8:28
Normal Defense
1 - 36% - 40% - 18:41
2 - 33% - 30% - 16:59
3 - 27% - 20% - 13:46
4 - 4% - 10% - 2:14
PP Forward
1 - 57% - 60% - 1:15
2 - 43% - 40% - 0:57
PP Defense
1 - 66% - 60% - 1:27
2 - 34% - 40% - 0:45
PK Forward
1 - 76% - 60% - 4:38
2 - 24% - 40% - 1:30
PK Defense
1 - 69% - 60% - 4:15
2 - 31% - 40% - 1:53
PK3 Forward
1 - 0% - 60%
2 - 0% - 40%
PK3 Defense
1 - 0% - 60%
2 - 0% - 40%
44 Forward
1 - 87% - 60% - 4:22
2 - 13% - 40% - 0:38
44 Defense
1 - 51% - 60% - 2:34
2 - 49% - 40% - 2:26
Last Minute Offensive  - 0:00
Last Minute Defensive  - 0:00
Total
Forward - 65:00
Defense - 65:00

Play-by-Play

1st period


0:01 of 1st period - Danny Kristo wins face-off versus Mike Amadio in neutral zone.
0:12 of 1st period - Ryan Pulock is hit by Frederik Gauthier.
1:51 of 1st period - Adam Gaudette is hit by Mike Amadio and loses puck.
2:22 of 1st period - Wrist shot by Martin Frk.
2:22 of 1st period - Shot Misses the Net.
2:44 of 1st period - Wrist shot by Garrett Wilson.
2:44 of 1st period - Deflect By Troy Terry.
2:44 of 1st period - Stopped by Joe Cannata without a rebound.
2:45 of 1st period - Frederik Gauthier wins face-off versus Brendan Woods in Icehogs zone.
3:41 of 1st period - Slapshot by Michael Chaput.
3:41 of 1st period - Deflect By Andrew Mangiapane.
3:41 of 1st period - Shot Blocked by Patrick Wiercioch.
3:41 of 1st period - Puck is out of play.
3:42 of 1st period - Michael Chaput wins face-off versus Brendan Woods in Griffins zone.
3:45 of 1st period - Wrist shot by Curtis Lazar.
3:45 of 1st period - Stopped by Marcus Hogberg with a rebound.
4:15 of 1st period - Wrist shot by Tanner Richard.
4:15 of 1st period - Deflect By Mikhail Grigorenko.
4:15 of 1st period - Stopped by Marcus Hogberg with a rebound.
4:29 of 1st period - Mike Reilly is hit by Phil Oreskovic and loses puck.
4:36 of 1st period - Wrist shot by Sonny Milano.
4:36 of 1st period - Stopped by Joe Cannata without a rebound.
4:37 of 1st period - Frederik Gauthier wins face-off versus Brendan Woods in Icehogs zone.
5:04 of 1st period - Lucas Lessio is hit by Tanner Richard and loses puck.
5:15 of 1st period - Slapshot by Kevin Fiala.
5:15 of 1st period - Stopped by Marcus Hogberg with a rebound.
5:17 of 1st period - Wrist shot by Tanner Richard.
5:17 of 1st period - Shot Blocked by Filip Hronek.
5:28 of 1st period - Off-side.
5:29 of 1st period - Michael Chaput wins face-off versus Greg McKegg in neutral zone.
5:33 of 1st period - Off-side.
5:34 of 1st period - Frederik Gauthier wins face-off versus Greg McKegg in neutral zone.
5:45 of 1st period - Wrist shot by Ryan Pulock.
5:45 of 1st period - Stopped by Joe Cannata without a rebound.
5:46 of 1st period - Brendan Woods wins face-off versus Frederik Gauthier in Icehogs zone.
6:11 of 1st period - Petter Granberg is hit by Adam Gaudette and loses puck.
6:18 of 1st period - Ryan Pulock is hit by Andrew Mangiapane and loses puck.
6:31 of 1st period - Tanner Richard is hit by Ryan Pulock.
6:55 of 1st period - Snap shot by Greg McKegg.
6:55 of 1st period - Shot Blocked by Nick Mattson.
7:41 of 1st period - Wrist shot by Curtis Lazar.
7:41 of 1st period - Stopped by Marcus Hogberg with a rebound.
7:43 of 1st period - Snap shot by Nick Mattson.
7:43 of 1st period - Deflect By Phil Oreskovic.
7:43 of 1st period - Stopped by Marcus Hogberg without a rebound.
7:44 of 1st period - Michael Chaput wins face-off versus Brendan Woods in Griffins zone.
8:09 of 1st period - Brendan Woods is hit by Tanner Richard and loses puck.
8:16 of 1st period - Snap shot by Tanner Richard.
8:16 of 1st period - Stopped by Marcus Hogberg without a rebound.
8:17 of 1st period - Frederik Gauthier wins face-off versus Mathew Barzal in Griffins zone.
8:18 of 1st period - Wrist shot by Craig Cunningham.
8:18 of 1st period - Stopped by Marcus Hogberg with a rebound.
8:31 of 1st period - Off-side.
8:32 of 1st period - Michael Chaput wins face-off versus Vladislav Namestnikov in neutral zone.
8:40 of 1st period - Snap shot by Michael Chaput.
8:40 of 1st period - Shot Misses the Net.
8:42 of 1st period - Slapshot by Ben Harpur.
8:42 of 1st period - Deflect By Curtis Lazar.
8:42 of 1st period - Shot Misses the Net.
8:42 of 1st period - Puck is out of play.
8:43 of 1st period - Brendan Woods wins face-off versus Frederik Gauthier in Griffins zone.
8:43 of 1st period - Brendan Woods is hit by Craig Cunningham.
9:38 of 1st period - Wrist shot by Sonny Milano.
9:38 of 1st period - Shot Blocked by Patrick Sieloff.
10:22 of 1st period - Wrist shot by Jesse Joensuu.
10:22 of 1st period - Stopped by Joe Cannata without a rebound.
10:23 of 1st period - Michael Chaput wins face-off versus Mathew Barzal in Icehogs zone.
10:23 of 1st period - Michael Chaput is hit by Adam Gaudette.
10:39 of 1st period - Slapshot by Michael Chaput.
10:39 of 1st period - Stopped by Marcus Hogberg with a rebound.
10:49 of 1st period - Ian McCoshen is hit by Tanner Richard.
11:36 of 1st period - Wrist shot by Martin Frk.
11:36 of 1st period - Deflect By Sonny Milano.
11:36 of 1st period - Shot Misses the Net.
11:36 of 1st period - Puck is out of play.
11:37 of 1st period - Michael Chaput wins face-off versus Vladislav Namestnikov in Icehogs zone.
13:07 of 1st period - Snap shot by Vladislav Namestnikov.
13:07 of 1st period - Shot Misses the Net.
13:09 of 1st period - Slapshot by Ian McCoshen.
13:09 of 1st period - Deflect By Martin Frk.
13:09 of 1st period - Stopped by Joe Cannata with a rebound.
13:29 of 1st period - Snap shot by Sonny Milano.
13:29 of 1st period - Shot Blocked by Nick Mattson.
13:31 of 1st period - Snap shot by Ryan Pulock.
13:31 of 1st period - Shot Misses the Net.
13:33 of 1st period - Slapshot by Filip Hronek.
13:33 of 1st period - Stopped by Joe Cannata with a rebound.
13:35 of 1st period - Slapshot by Patrick Wiercioch.
13:35 of 1st period - Goal by Patrick Wiercioch - Griffins : 1 - Icehogs : 0.
13:36 of 1st period - Brendan Woods wins face-off versus Andrew Mangiapane in neutral zone.
14:24 of 1st period - Snap shot by Mattias Janmark.
14:24 of 1st period - Stopped by Marcus Hogberg with a rebound.
14:26 of 1st period - Slapshot by Petter Granberg.
14:26 of 1st period - Stopped by Marcus Hogberg with a rebound.
14:28 of 1st period - Slapshot by Ben Harpur.
14:28 of 1st period - Stopped by Marcus Hogberg without a rebound.
14:29 of 1st period - Brendan Woods wins face-off versus Dillon Dube in Griffins zone.
14:40 of 1st period - Wrist shot by Danny Kristo.
14:40 of 1st period - Shot Misses the Net.
14:42 of 1st period - Slapshot by Ian McCoshen.
14:42 of 1st period - Deflect By Nikita Scherbak.
14:42 of 1st period - Stopped by Joe Cannata with a rebound.
14:44 of 1st period - Snap shot by Brendan Woods.
14:44 of 1st period - Stopped by Joe Cannata without a rebound.
14:45 of 1st period - Mathew Barzal wins face-off versus Michael Chaput in Icehogs zone.
14:48 of 1st period - Wrist shot by Lucas Lessio.
14:48 of 1st period - Stopped by Joe Cannata without a rebound.
14:49 of 1st period - Mathew Barzal wins face-off versus Michael Chaput in Icehogs zone.
15:30 of 1st period - Wrist shot by Adam Gaudette.
15:30 of 1st period - Shot Misses the Net.
16:26 of 1st period - Slapshot by Adam Gaudette.
16:26 of 1st period - Stopped by Joe Cannata without a rebound.
16:27 of 1st period - Brendan Woods wins face-off versus Frederik Gauthier in Icehogs zone.
17:05 of 1st period - Snap shot by Curtis Lazar.
17:05 of 1st period - Stopped by Marcus Hogberg with a rebound.
17:17 of 1st period - Wrist shot by Nikita Scherbak.
17:17 of 1st period - Deflect By Phil Oreskovic.
17:17 of 1st period - Shot Misses the Net.
17:17 of 1st period - Puck is out of play.
17:18 of 1st period - Dillon Dube wins face-off versus Brendan Woods in Griffins zone.
17:19 of 1st period - Snap shot by Nikita Scherbak.
17:19 of 1st period - Stopped by Marcus Hogberg with a rebound.
17:45 of 1st period - Wrist shot by Craig Cunningham.
17:45 of 1st period - Stopped by Marcus Hogberg with a rebound.
17:47 of 1st period - Snap shot by Patrick Sieloff.
17:47 of 1st period - Deflect By Craig Cunningham.
17:47 of 1st period - Shot Misses the Net.
17:47 of 1st period - Puck is out of play.
17:48 of 1st period - Vladislav Namestnikov wins face-off versus Frederik Gauthier in Griffins zone.
18:21 of 1st period - Phil Oreskovic is hit by Craig Cunningham and loses puck.
18:28 of 1st period - Snap shot by Craig Cunningham.
18:28 of 1st period - Stopped by Marcus Hogberg without a rebound.
18:29 of 1st period - Brendan Woods wins face-off versus Michael Chaput in Griffins zone.
18:40 of 1st period - Wrist shot by Andrew Mangiapane.
18:40 of 1st period - Stopped by Marcus Hogberg without a rebound.
18:41 of 1st period - Michael Chaput wins face-off versus Brendan Woods in Griffins zone.
19:16 of 1st period - Wrist shot by Craig Cunningham.
19:16 of 1st period - Shot Misses the Net.
19:51 of 1st period - Minor Penalty to Martin Frk for Hooking.
19:52 of 1st period - Jesse Joensuu wins face-off versus Craig Cunningham in Griffins zone.
Goals for this period are 1 for Griffins vs 0 for Icehogs.
Shots for this period are 11 for Griffins vs 16 for Icehogs.

2nd period


0:01 of 2nd period - Frederik Gauthier wins face-off versus Jesse Joensuu in neutral zone.
0:04 of 2nd period - Snap shot by Frederik Gauthier.
0:04 of 2nd period - Goal by Frederik Gauthier - Griffins : 1 - Icehogs : 1.
0:05 of 2nd period - Brendan Woods wins face-off versus Michael Chaput in neutral zone.
0:18 of 2nd period - Snap shot by Danny Kristo.
0:18 of 2nd period - Shot Misses the Net.
0:20 of 2nd period - Slapshot by Jesse Joensuu.
0:20 of 2nd period - Shot Blocked by Ben Harpur.
0:30 of 2nd period - Ryan Pulock is hit by Petter Granberg and loses puck.
1:14 of 2nd period - Snap shot by Danny Kristo.
1:14 of 2nd period - Stopped by Joe Cannata with a rebound.
1:16 of 2nd period - Wrist shot by Jesse Joensuu.
1:16 of 2nd period - Stopped by Joe Cannata without a rebound.
1:17 of 2nd period - Dillon Dube wins face-off versus Brendan Woods in Icehogs zone.
1:17 of 2nd period - Dillon Dube is hit by Jesse Joensuu.
1:39 of 2nd period - Slapshot by Jesse Joensuu.
1:39 of 2nd period - Stopped by Joe Cannata without a rebound.
1:40 of 2nd period - Mathew Barzal wins face-off versus Michael Chaput in Icehogs zone.
1:51 of 2nd period - Snap shot by Adam Gaudette.
1:51 of 2nd period - Shot Misses the Net.
2:08 of 2nd period - Snap shot by Tanner Richard.
2:08 of 2nd period - Stopped by Marcus Hogberg with a rebound.
2:24 of 2nd period - Wrist shot by Lucas Lessio.
2:24 of 2nd period - Stopped by Joe Cannata with a rebound.
2:26 of 2nd period - Snap shot by Lucas Lessio.
2:26 of 2nd period - Stopped by Joe Cannata with a rebound.
2:28 of 2nd period - Wrist shot by Ryan Pulock.
2:28 of 2nd period - Shot Blocked by Ben Harpur.
2:30 of 2nd period - Snap shot by Adam Gaudette.
2:30 of 2nd period - Shot Misses the Net.
2:52 of 2nd period - Snap shot by Lucas Lessio.
2:52 of 2nd period - Stopped by Joe Cannata without a rebound.
2:53 of 2nd period - Frederik Gauthier wins face-off versus Brendan Woods in Icehogs zone.
3:05 of 2nd period - Snap shot by Danny Kristo.
3:05 of 2nd period - Shot Misses the Net.
3:07 of 2nd period - Snap shot by Brendan Woods.
3:07 of 2nd period - Shot Misses the Net.
3:09 of 2nd period - Slapshot by Phil Oreskovic.
3:09 of 2nd period - Shot Misses the Net.
3:19 of 2nd period - Greg McKegg is hit by Michael Chaput and loses puck.
3:26 of 2nd period - Slapshot by Michael Chaput.
3:26 of 2nd period - Stopped by Marcus Hogberg with a rebound.
3:48 of 2nd period - Snap shot by Sonny Milano.
3:48 of 2nd period - Stopped by Joe Cannata without a rebound.
3:49 of 2nd period - Brendan Woods wins face-off versus Frederik Gauthier in Icehogs zone.
4:57 of 2nd period - Off-side.
4:58 of 2nd period - Nikita Scherbak wins face-off versus Brendan Woods in neutral zone.
5:23 of 2nd period - Patrick Sieloff is hit by Phil Oreskovic and loses puck.
5:54 of 2nd period - Slapshot by Mathew Barzal.
5:54 of 2nd period - Stopped by Joe Cannata with a rebound.
5:56 of 2nd period - Snap shot by Adam Gaudette.
5:56 of 2nd period - Shot Blocked by Ben Harpur.
6:17 of 2nd period - Off-side.
6:18 of 2nd period - Brendan Woods wins face-off versus Frederik Gauthier in neutral zone.
7:10 of 2nd period - Backhand shot by Sonny Milano.
7:10 of 2nd period - Shot Misses the Net.
7:32 of 2nd period - Snap shot by Troy Terry.
7:32 of 2nd period - Goal by Troy Terry - Griffins : 2 - Icehogs : 1.
7:33 of 2nd period - Frederik Gauthier wins face-off versus Brendan Woods in neutral zone.
7:36 of 2nd period - Slapshot by Craig Cunningham.
7:36 of 2nd period - Goal by Craig Cunningham - Griffins : 2 - Icehogs : 2.
7:37 of 2nd period - Brendan Woods wins face-off versus Frederik Gauthier in neutral zone.
7:40 of 2nd period - Wrist shot by Dmitri Orlov.
7:40 of 2nd period - Stopped by Joe Cannata without a rebound.
7:41 of 2nd period - Craig Cunningham wins face-off versus Brendan Woods in Icehogs zone.
7:41 of 2nd period - Craig Cunningham is hit by Ryan Pulock.
8:09 of 2nd period - Curtis Lazar is hit by Ryan Pulock and loses puck.
8:14 of 2nd period - Snap shot by Adam Gaudette.
8:14 of 2nd period - Shot Blocked by Ben Harpur.
8:16 of 2nd period - Snap shot by Mathew Barzal.
8:16 of 2nd period - Stopped by Joe Cannata without a rebound.
8:17 of 2nd period - Michael Chaput wins face-off versus Mathew Barzal in Icehogs zone.
9:28 of 2nd period - Wrist shot by Mattias Janmark.
9:28 of 2nd period - Shot Misses the Net.
9:32 of 2nd period - Wrist shot by Nikita Scherbak.
9:32 of 2nd period - Shot Blocked by Filip Hronek.
9:49 of 2nd period - Off-side.
9:50 of 2nd period - Jesse Joensuu wins face-off versus Frederik Gauthier in neutral zone.
9:53 of 2nd period - Snap shot by Jesse Joensuu.
9:53 of 2nd period - Stopped by Joe Cannata with a rebound.
10:23 of 2nd period - Snap shot by Michael Chaput.
10:23 of 2nd period - Shot Misses the Net.
10:41 of 2nd period - Wrist shot by Sonny Milano.
10:41 of 2nd period - Shot Misses the Net.
10:47 of 2nd period - Snap shot by Kevin Fiala.
10:47 of 2nd period - Shot Misses the Net.
11:21 of 2nd period - Danny Kristo is hit by Frederik Gauthier and loses puck.
11:42 of 2nd period - Danny Kristo is hit by Kevin Fiala and loses puck.
11:47 of 2nd period - Wrist shot by Tanner Richard.
11:47 of 2nd period - Shot Misses the Net.
11:49 of 2nd period - Slapshot by Patrick Sieloff.
11:49 of 2nd period - Stopped by Marcus Hogberg with a rebound.
12:03 of 2nd period - Michael Chaput is hit by Mathew Barzal and loses puck.
12:09 of 2nd period - Off-side.
12:10 of 2nd period - Frederik Gauthier wins face-off versus Mathew Barzal in neutral zone.
12:23 of 2nd period - Snap shot by Frederik Gauthier.
12:23 of 2nd period - Shot Misses the Net.
12:46 of 2nd period - Wrist shot by Michael Chaput.
12:46 of 2nd period - Stopped by Marcus Hogberg with a rebound.
12:59 of 2nd period - Off-side.
13:00 of 2nd period - Mikhail Grigorenko wins face-off versus Troy Terry in neutral zone.
13:02 of 2nd period - Minor Penalty to Tanner Richard for Cross-checking.
13:03 of 2nd period - Mathew Barzal wins face-off versus Frederik Gauthier in Icehogs zone.
13:09 of 2nd period - Wrist shot by Danny Kristo.
13:09 of 2nd period - Shot Blocked by Craig Cunningham.
13:11 of 2nd period - Slapshot by Dmitri Orlov.
13:11 of 2nd period - Shot Blocked by Ben Harpur.
13:13 of 2nd period - Slapshot by Dmitri Orlov.
13:13 of 2nd period - Goal by Dmitri Orlov - Griffins : 3 - Icehogs : 2.
13:14 of 2nd period - Frederik Gauthier wins face-off versus Brendan Woods in neutral zone.
13:19 of 2nd period - Danny Kristo is hit by Petter Granberg and loses puck.
13:46 of 2nd period - Michael Chaput is hit by Mathew Barzal and loses puck.
14:17 of 2nd period - Icing by Ben Harpur.
14:18 of 2nd period - Tanner Richard wins face-off versus Greg McKegg in Icehogs zone.
14:18 of 2nd period - Tanner Richard is hit by Ian McCoshen.
14:24 of 2nd period - Craig Cunningham is hit by Filip Hronek and loses puck.
14:48 of 2nd period - Ian McCoshen is hit by Julius Honka and loses puck.
14:52 of 2nd period - Icing by Julius Honka.
14:53 of 2nd period - Andrew Mangiapane wins face-off versus Mathew Barzal in Icehogs zone.
14:53 of 2nd period - Michael Chaput is hit by Mathew Barzal and loses puck.
15:09 of 2nd period - Lucas Lessio is hit by Andrew Mangiapane and loses puck.
15:27 of 2nd period - Minor Penalty to Julius Honka for Kneeing.
15:28 of 2nd period - Frederik Gauthier wins face-off versus Mathew Barzal in Icehogs zone.
15:52 of 2nd period - Craig Cunningham is hit by Dmitri Orlov and loses puck.
17:15 of 2nd period - Mathew Barzal is hit by Mike Reilly and loses puck.
17:24 of 2nd period - Snap shot by Michael Chaput.
17:24 of 2nd period - Shot Blocked by Ryan Pulock.
17:26 of 2nd period - Snap shot by Michael Chaput.
17:26 of 2nd period - Stopped by Marcus Hogberg with a rebound.
17:27 of 2nd period - Penalty to Julius Honka is over, Julius Honka is back on ice.
17:30 of 2nd period - Wrist shot by Michael Chaput.
17:30 of 2nd period - Shot Blocked by Ryan Pulock.
17:32 of 2nd period - Slapshot by Nick Mattson.
17:32 of 2nd period - Shot Misses the Net.
17:34 of 2nd period - Slapshot by Mike Reilly.
17:34 of 2nd period - Stopped by Marcus Hogberg with a rebound.
17:50 of 2nd period - Snap shot by Mattias Janmark.
17:50 of 2nd period - Stopped by Marcus Hogberg with a rebound.
18:20 of 2nd period - Snap shot by Michael Chaput.
18:20 of 2nd period - Shot Blocked by Danny Kristo.
18:22 of 2nd period - Wrist shot by Julius Honka.
18:22 of 2nd period - Shot Misses the Net.
18:28 of 2nd period - Snap shot by Michael Chaput.
18:28 of 2nd period - Shot Blocked by Ryan Pulock.
18:52 of 2nd period - Wrist shot by Lucas Lessio.
18:52 of 2nd period - Shot Misses the Net.
18:58 of 2nd period - Ryan Pulock is hit by Nick Mattson and loses puck.
19:21 of 2nd period - Mathew Barzal is hit by Michael Chaput and loses puck.
19:44 of 2nd period - Wrist shot by Lucas Lessio.
19:44 of 2nd period - Stopped by Joe Cannata without a rebound.
19:45 of 2nd period - Vladislav Namestnikov wins face-off versus Frederik Gauthier in Icehogs zone.
19:48 of 2nd period - Snap shot by Sonny Milano.
19:48 of 2nd period - Stopped by Joe Cannata with a rebound.
19:50 of 2nd period - Wrist shot by Phil Oreskovic.
19:50 of 2nd period - Shot Misses the Net.
19:53 of 2nd period - Icing by Frederik Gauthier.
19:54 of 2nd period - Vladislav Namestnikov wins face-off versus Frederik Gauthier in Icehogs zone.
19:55 of 2nd period - Wrist shot by Sonny Milano.
19:55 of 2nd period - Stopped by Joe Cannata without a rebound.
19:56 of 2nd period - Frederik Gauthier wins face-off versus Vladislav Namestnikov in Icehogs zone.
19:56 of 2nd period - Frederik Gauthier is hit by Martin Frk.
Goals for this period are 2 for Griffins vs 2 for Icehogs.
Shots for this period are 16 for Griffins vs 9 for Icehogs.

3rd period


0:01 of 3rd period - Michael Chaput wins face-off versus Mathew Barzal in neutral zone.
0:26 of 3rd period - Craig Cunningham is hit by Jesse Joensuu and loses puck.
0:47 of 3rd period - Julius Honka is hit by Filip Hronek and loses puck.
0:54 of 3rd period - Wrist shot by Sonny Milano.
0:54 of 3rd period - Shot Blocked by Kevin Fiala.
1:32 of 3rd period - Snap shot by Greg McKegg.
1:32 of 3rd period - Stopped by Joe Cannata with a rebound.
1:34 of 3rd period - Slapshot by Patrick Wiercioch.
1:34 of 3rd period - Shot Misses the Net.
1:36 of 3rd period - Wrist shot by Greg McKegg.
1:36 of 3rd period - Stopped by Joe Cannata without a rebound.
1:37 of 3rd period - Curtis Lazar wins face-off versus Greg McKegg in Icehogs zone.
2:15 of 3rd period - Slapshot by Ian McCoshen.
2:15 of 3rd period - Deflect By Michael Chaput.
2:15 of 3rd period - Stopped by Joe Cannata without a rebound.
2:16 of 3rd period - Frederik Gauthier wins face-off versus Mathew Barzal in Icehogs zone.
2:16 of 3rd period - Frederik Gauthier is hit by Adam Gaudette.
2:43 of 3rd period - Nick Mattson is hit by Phil Oreskovic and loses puck.
3:09 of 3rd period - Martin Frk is hit by Nikita Scherbak.
3:49 of 3rd period - Snap shot by Petter Granberg.
3:49 of 3rd period - Deflect By Dillon Dube.
3:49 of 3rd period - Shot Blocked by Ian McCoshen.
3:49 of 3rd period - Puck is out of play.
3:50 of 3rd period - Mathew Barzal wins face-off versus Frederik Gauthier in Griffins zone.
4:01 of 3rd period - Slapshot by Adam Gaudette.
4:01 of 3rd period - Stopped by Joe Cannata with a rebound.
4:06 of 3rd period - Minor Penalty to Patrick Wiercioch for Roughing.
4:07 of 3rd period - Jesse Joensuu wins face-off versus Frederik Gauthier in Griffins zone.
4:33 of 3rd period - Dmitri Orlov is hit by Michael Chaput and loses puck.
4:44 of 3rd period - Slapshot by Michael Chaput.
4:44 of 3rd period - Shot Misses the Net.
6:06 of 3rd period - Penalty to Patrick Wiercioch is over, Patrick Wiercioch is back on ice.
6:14 of 3rd period - Ian McCoshen is hit by Mattias Janmark and loses puck.
7:02 of 3rd period - Tanner Richard is hit by Greg McKegg and loses puck.
7:21 of 3rd period - Ian McCoshen is hit by Nikita Scherbak and loses puck.
7:38 of 3rd period - Nick Mattson is hit by Ryan Pulock and loses puck.
7:58 of 3rd period - Off-side.
7:59 of 3rd period - Greg McKegg wins face-off versus Curtis Lazar in neutral zone.
8:04 of 3rd period - Snap shot by Troy Terry.
8:04 of 3rd period - Stopped by Joe Cannata without a rebound.
8:05 of 3rd period - Frederik Gauthier wins face-off versus Brendan Woods in Icehogs zone.
8:20 of 3rd period - Snap shot by Jesse Joensuu.
8:20 of 3rd period - Shot Misses the Net.
8:30 of 3rd period - Lucas Lessio is hit by Michael Chaput and loses puck.
8:41 of 3rd period - Slapshot by Curtis Lazar.
8:41 of 3rd period - Shot Misses the Net.
9:20 of 3rd period - Snap shot by Sonny Milano.
9:20 of 3rd period - Stopped by Joe Cannata with a rebound.
9:48 of 3rd period - Snap shot by Jesse Joensuu.
9:48 of 3rd period - Shot Blocked by Curtis Lazar.
10:06 of 3rd period - Wrist shot by Craig Cunningham.
10:06 of 3rd period - Deflect By Phil Oreskovic.
10:06 of 3rd period - Shot Misses the Net.
10:06 of 3rd period - Puck is out of play.
10:07 of 3rd period - Frederik Gauthier wins face-off versus Brendan Woods in Griffins zone.
10:08 of 3rd period - Snap shot by Craig Cunningham.
10:08 of 3rd period - Shot Blocked by Danny Kristo.
10:18 of 3rd period - Snap shot by Frederik Gauthier.
10:18 of 3rd period - Goal by Frederik Gauthier - Griffins : 3 - Icehogs : 3.
10:19 of 3rd period - Mathew Barzal wins face-off versus Frederik Gauthier in neutral zone.
10:30 of 3rd period - Snap shot by Lucas Lessio.
10:30 of 3rd period - Goal by Lucas Lessio - Griffins : 4 - Icehogs : 3.
10:31 of 3rd period - Frederik Gauthier wins face-off versus Mathew Barzal in neutral zone.
10:52 of 3rd period - Minor Penalty to Petter Granberg for Hooking.
10:53 of 3rd period - Frederik Gauthier wins face-off versus Mathew Barzal in Icehogs zone.
11:02 of 3rd period - Danny Kristo is hit by Frederik Gauthier and loses puck.
11:22 of 3rd period - Slapshot by Adam Gaudette.
11:22 of 3rd period - Stopped by Joe Cannata with a rebound.
12:52 of 3rd period - Penalty to Petter Granberg is over, Petter Granberg is back on ice.
13:11 of 3rd period - Snap shot by Greg McKegg.
13:11 of 3rd period - Shot Misses the Net.
13:13 of 3rd period - Wrist shot by Garrett Wilson.
13:13 of 3rd period - Stopped by Joe Cannata with a rebound.
13:15 of 3rd period - Snap shot by Phil Oreskovic.
13:15 of 3rd period - Shot Blocked by Nikita Scherbak.
13:25 of 3rd period - Ian McCoshen is hit by Patrick Sieloff and loses puck.
16:14 of 3rd period - Snap shot by Kevin Fiala.
16:14 of 3rd period - Shot Misses the Net.
16:16 of 3rd period - Wrist shot by Petter Granberg.
16:16 of 3rd period - Shot Blocked by Dmitri Orlov.
16:18 of 3rd period - Snap shot by Kevin Fiala.
16:18 of 3rd period - Goal by Kevin Fiala - Griffins : 4 - Icehogs : 4.
16:19 of 3rd period - Tanner Richard wins face-off versus Vladislav Namestnikov in neutral zone.
16:34 of 3rd period - Slapshot by Sonny Milano.
16:34 of 3rd period - Shot Misses the Net.
17:40 of 3rd period - Wrist shot by Troy Terry.
17:40 of 3rd period - Shot Blocked by Patrick Sieloff.
17:48 of 3rd period - Minor Penalty to Dillon Dube for Tripping.
17:49 of 3rd period - Frederik Gauthier wins face-off versus Danny Kristo in Icehogs zone.
18:48 of 3rd period - Mike Reilly is hit by Adam Gaudette and loses puck.
19:12 of 3rd period - Adam Gaudette is hit by Petter Granberg and loses puck.
19:48 of 3rd period - Penalty to Dillon Dube is over, Dillon Dube is back on ice.
Goals for this period are 1 for Griffins vs 2 for Icehogs.
Shots for this period are 9 for Griffins vs 2 for Icehogs.

Overtime #1


0:01 of 1st overtime period - Frederik Gauthier wins face-off versus Danny Kristo in neutral zone.
0:10 of 1st overtime period - Slapshot by Frederik Gauthier.
0:10 of 1st overtime period - Stopped by Marcus Hogberg without a rebound.
0:11 of 1st overtime period - Danny Kristo wins face-off versus Frederik Gauthier in Griffins zone.
1:00 of 1st overtime period - Wrist shot by Michael Chaput.
1:00 of 1st overtime period - Shot Blocked by Lucas Lessio.
1:02 of 1st overtime period - Snap shot by Michael Chaput.
1:02 of 1st overtime period - Deflect By Andrew Mangiapane.
1:02 of 1st overtime period - Shot Blocked by Phil Oreskovic.
1:02 of 1st overtime period - Puck is out of play.
1:03 of 1st overtime period - Frederik Gauthier wins face-off versus Danny Kristo in Griffins zone.
1:26 of 1st overtime period - Wrist shot by Michael Chaput.
1:26 of 1st overtime period - Shot Misses the Net.
1:52 of 1st overtime period - Danny Kristo is hit by Ben Harpur and loses puck.
2:56 of 1st overtime period - Mattias Janmark is hit by Dmitri Orlov and loses puck.
3:01 of 1st overtime period - Snap shot by Mathew Barzal.
3:01 of 1st overtime period - Stopped by Joe Cannata with a rebound.
3:19 of 1st overtime period - Ben Harpur is hit by Dmitri Orlov.
4:30 of 1st overtime period - Slapshot by Mathew Barzal.
4:30 of 1st overtime period - Stopped by Joe Cannata with a rebound.
4:36 of 1st overtime period - Patrick Wiercioch is hit by Mike Reilly and loses puck.
Goals for this period are 0 for Griffins vs 0 for Icehogs.
Shots for this period are 2 for Griffins vs 1 for Icehogs.

ShootOut


5:00 of 1st overtime period - Round #1.
5:00 of 1st overtime period - Griffins, Danny Kristo.
5:00 of 1st overtime period - Deke by Danny Kristo.
5:00 of 1st overtime period - Goal by Danny Kristo.
5:00 of 1st overtime period - Icehogs, Frederik Gauthier.
5:00 of 1st overtime period - Deke by Frederik Gauthier.
5:00 of 1st overtime period - Stopped by Marcus Hogberg.
5:00 of 1st overtime period - Round #2.
5:00 of 1st overtime period - Griffins, Adam Gaudette.
5:00 of 1st overtime period - Deke by Adam Gaudette.
5:00 of 1st overtime period - Goal by Adam Gaudette.
5:00 of 1st overtime period - Icehogs, Mike Amadio.
5:00 of 1st overtime period - Wrist shot by Mike Amadio.
5:00 of 1st overtime period - Shot Misses the Net.
5:00 of 1st overtime period - Round #3.